Workbook

Sheet Instructions
A1: General instructions
A2: • | B2: Your budget document must be submitted in Excel. Do not submit a “PDF” Adobe Acrobat copy of your budget document.
A3: • | B3: Enter information in yellow highlighted cells within this Workbook. (White cells are locked.) For example, information entered on Part 2 will automatically populate Part 1.
A4: • | B4: The yellow highlighting will be removed when the budget is approved.
A5: • | B5: Contact your Contract Administrator if you need additional lines added to a section.
A6: • | B6: For every entry in the table, there must be a matching entry in the justification box.
A8: Fringe rate calculator
B9: This calculator may be used to determine the % Fringe rate for a position.
B11: "Cost" for the position (from Section A: Salaries)
B13: Fringe benefit name | C13: $ Amount
B14: 401K
B15: Dental insurance
B16: FICA
B17: Health insurance
B18: Life insurance
B19: Long term disability
B20: Payroll taxes
B21: Pension
B22: Retirement
B23: Short term disability
B24: Unemployment / Work Comp
B26: Other items:
B35: Total $ amount for the position | C35: =SUM(C14:C34) -> 0
B36: % Fringe benefits for the position | C36: =IF(D11="","Fill in Cell D12",C35/D11) -> Fill in Cell D12

Sheet Part 1
A1: F-01601F (08/2026) | B1: Budget Part 1
A3: Contract title: | B3: =IF('Part 2'!B3="","",'Part 2'!B3) -> Opioid and Stimulant Unmet Needs
A4: Name of agency: | B4: =IF('Part 2'!B4="","",'Part 2'!B4)
A5: Contract period: | B5: =IF('Part 2'!B5="","",'Part 2'!B5)
A6: Maximum budget available: | B6: =IF('Part 2'!B6="","",'Part 2'!B6)
A7: Grant funding source(s): | B7: =IF('Part 2'!B7="","",'Part 2'!B7)
A9: The information on this page will populate when completing Part 2
A11: Line item | B11: Category | C11: Dollar amount
A12: A | B12: Salaries | C12: ='Part 2'!F35 -> 0
A13: B | B13: Fringe benefits | C13: ='Part 2'!E83 -> 0
A14: C | B14: Equipment | C14: ='Part 2'!E94 -> 0
A15: D | B15: Operating costs | C15: ='Part 2'!E107 -> 0
A16: E | B16: Supplies | C16: ='Part 2'!E125 -> 0
A17: F | B17: In-state travel | C17: ='Part 2'!D146 -> 0
A18: G | B18: Out-of-state travel | C18: ='Part 2'!B162 -> 0
A19: H | B19: Consultant and subcontractor expenses | C19: ='Part 2'!E180 -> 0
A20: I | B20: Training | C20: ='Part 2'!D193 -> 0
A21: J | B21: Insurance | C21: ='Part 2'!D204 -> 0
A22: K | B22: Advertising and public information | C22: ='Part 2'!D218 -> 0
A23: L | B23: Consumer / family supports | C23: ='Part 2'!D231 -> 0
A24: M | B24: MOUD services | C24: ='Part 2'!D241 -> 0
A25: N | B25: Treatment services: un-or under-insured individuals | C25: ='Part 2'!D253 -> 0
A26: O | B26: Recovery support and overdose prevention | C26: ='Part 2'!D267 -> 0
A27: P | B27: Other | C27: ='Part 2'!D280 -> 0
A28: Q | B28: Subtotal of direct costs (Items A through P) | C28: =SUM(C12:C27) -> 0
A29: R | B29: Indirect costs | C29: ='Part 2'!C292 -> 0
A30: S | B30: Total costs | C30: =ROUND(C28+C29,0) -> 0

Sheet Part 2
A1: ='Part 1'!A1 -> F-01601F (08/2026) | B1: Budget Part 2
A3: Contract title: | B3: Opioid and Stimulant Unmet Needs
A4: Name of agency:
A5: Contract period:
A6: Maximum budget available:
A7: Grant funding source(s):
A9: A: Salaries
A10: Instructions: • Important: Do not include names of individuals filling the positions. • Total cost for each position should be calculated based on the length of the contract (for example: 12-month versus a shorter term contract). • Position titles must be consistent with the Work Plan.
B11: Hourly employees
B12: Position title | C12: Hourly pay rate | D12: Hours paid per week | E12: # of weeks paid in contract period | F12: Cost
A13: Item 1 | C13: 0 | D13: 0 | E13: 0 | F13: =ROUND(C13*D13*E13, 2) -> 0
A14: Item 2 | C14: 0 | D14: 0 | E14: 0 | F14: =ROUND(C14*D14*E14, 2) -> 0
A15: Item 3 | C15: 0 | D15: 0 | E15: 0 | F15: =ROUND(C15*D15*E15, 2) -> 0
A16: Item 4 | C16: 0 | D16: 0 | E16: 0 | F16: =ROUND(C16*D16*E16, 2) -> 0
A17: Item 5 | C17: 0 | D17: 0 | E17: 0 | F17: =ROUND(C17*D17*E17, 2) -> 0
A18: Item 6 | C18: 0 | D18: 0 | E18: 0 | F18: =ROUND(C18*D18*E18, 2) -> 0
A19: Item 7 | C19: 0 | D19: 0 | E19: 0 | F19: =ROUND(C19*D19*E19, 2) -> 0
A20: Item 8 | C20: 0 | D20: 0 | E20: 0 | F20: =ROUND(C20*D20*E20, 2) -> 0
A21: Item 9 | C21: 0 | D21: 0 | E21: 0 | F21: =ROUND(C21*D21*E21, 2) -> 0
A22: Item 10 | C22: 0 | D22: 0 | E22: 0 | F22: =ROUND(C22*D22*E22, 2) -> 0
B23: Salaried employees
B24: Position title | C24: Monthly pay rate for 1 FTE | D24: % FTE | E24: # of months paid in contract period | F24: Cost
A25: Item 11 | C25: 0 | D25: 0 | E25: 0 | F25: =ROUND(C25*D25*E25, 2) -> 0
A26: Item 12 | C26: 0 | D26: 0 | E26: 0 | F26: =ROUND(C26*D26*E26, 2) -> 0
A27: Item 13 | C27: 0 | D27: 0 | E27: 0 | F27: =ROUND(C27*D27*E27, 2) -> 0
A28: Item 14 | C28: 0 | D28: 0 | E28: 0 | F28: =ROUND(C28*D28*E28, 2) -> 0
A29: Item 15 | C29: 0 | D29: 0 | E29: 0 | F29: =ROUND(C29*D29*E29, 2) -> 0
A30: Item 16 | C30: 0 | D30: 0 | E30: 0 | F30: =ROUND(C30*D30*E30, 2) -> 0
A31: Item 17 | C31: 0 | D31: 0 | E31: 0 | F31: =ROUND(C31*D31*E31, 2) -> 0
A32: Item 18 | C32: 0 | D32: 0 | E32: 0 | F32: =ROUND(C32*D32*E32, 2) -> 0
A33: Item 19 | C33: 0 | D33: 0 | E33: 0 | F33: =ROUND(C33*D33*E33, 2) -> 0
A34: Item 20 | C34: 0 | D34: 0 | E34: 0 | F34: =ROUND(C34*D34*E34, 2) -> 0
A35: Total cost (Section A) | F35: =SUM(F13:F22,F25:F34) -> 0
A37: Justification Provide a brief (2-3 sentence) description of the job duties related to this grant for each position listed above.
A38: =IF(B13="","",B13)
A39: =IF(B14="","",B14)
A40: =IF(B15="","",B15)
A41: =IF(B16="","",B16)
A42: =IF(B17="","",B17)
A43: =IF(B18="","",B18)
A44: =IF(B19="","",B19)
A45: =IF(B20="","",B20)
A46: =IF(B21="","",B21)
A47: =IF(B22="","",B22)
A48: =IF(B25="","",B25)
A49: =IF(B26="","",B26)
A50: =IF(B27="","",B27)
A51: =IF(B28="","",B28)
A52: =IF(B29="","",B29)
A53: =IF(B30="","",B30)
A54: =IF(B31="","",B31)
A55: =IF(B32="","",B32)
A56: =IF(B33="","",B33)
A57: =IF(B34="","",B34)
A59: B: Fringe benefits
A60: Instructions: • Fringe benefit components may include items such as Federal Insurance Contributions Act (FICA) and Unemployment Insurance, Retirement, Life insurance, Workers Compensation and Health insurance.
B61: Position title | C61: Salary | D61: Fringe rate | E61: Cost
A62: Item 1 | B62: =IF(B13="","",B13) | C62: =F13 -> 0 | D62: 0 | E62: =ROUND(C62*D62, 2) -> 0
A63: Item 2 | B63: =IF(B14="","",B14) | C63: =F14 -> 0 | D63: 0 | E63: =ROUND(C63*D63, 2) -> 0
A64: Item 3 | B64: =IF(B15="","",B15) | C64: =F15 -> 0 | D64: 0 | E64: =ROUND(C64*D64, 2) -> 0
A65: Item 4 | B65: =IF(B16="","",B16) | C65: =F16 -> 0 | D65: 0 | E65: =ROUND(C65*D65, 2) -> 0
A66: Item 5 | B66: =IF(B17="","",B17) | C66: =F17 -> 0 | D66: 0 | E66: =ROUND(C66*D66, 2) -> 0
A67: Item 6 | B67: =IF(B18="","",B18) | C67: =F18 -> 0 | D67: 0 | E67: =ROUND(C67*D67, 2) -> 0
A68: Item 7 | B68: =IF(B19="","",B19) | C68: =F19 -> 0 | D68: 0 | E68: =ROUND(C68*D68, 2) -> 0
A69: Item 8 | B69: =IF(B20="","",B20) | C69: =F20 -> 0 | D69: 0 | E69: =ROUND(C69*D69, 2) -> 0
A70: Item 9 | B70: =IF(B21="","",B21) | C70: =F21 -> 0 | D70: 0 | E70: =ROUND(C70*D70, 2) -> 0
A71: Item 10 | B71: =IF(B22="","",B22) | C71: =F22 -> 0 | D71: 0 | E71: =ROUND(C71*D71, 2) -> 0
B72: Position title | C72: Salary | D72: Fringe rate | E72: Cost
A73: Item 11 | B73: =IF(B25="","",B25) | C73: =F25 -> 0 | D73: 0 | E73: =ROUND(C73*D73, 2) -> 0
A74: Item 12 | B74: =IF(B26="","",B26) | C74: =F26 -> 0 | D74: 0 | E74: =ROUND(C74*D74, 2) -> 0
A75: Item 13 | B75: =IF(B27="","",B27) | C75: =F27 -> 0 | D75: 0 | E75: =ROUND(C75*D75, 2) -> 0
A76: Item 14 | B76: =IF(B28="","",B28) | C76: =F28 -> 0 | D76: 0 | E76: =ROUND(C76*D76, 2) -> 0
A77: Item 15 | B77: =IF(B29="","",B29) | C77: =F29 -> 0 | D77: 0 | E77: =ROUND(C77*D77, 2) -> 0
A78: Item 16 | B78: =IF(B30="","",B30) | C78: =F30 -> 0 | D78: 0 | E78: =ROUND(C78*D78, 2) -> 0
A79: Item 17 | B79: =IF(B31="","",B31) | C79: =F31 -> 0 | D79: 0 | E79: =ROUND(C79*D79, 2) -> 0
A80: Item 18 | B80: =IF(B32="","",B32) | C80: =F32 -> 0 | D80: 0 | E80: =ROUND(C80*D80, 2) -> 0
A81: Item 19 | B81: =IF(B33="","",B33) | C81: =F33 -> 0 | D81: 0 | E81: =ROUND(C81*D81, 2) -> 0
A82: Item 20 | B82: =IF(B34="","",B34) | C82: =F34 -> 0 | D82: 0 | E82: =ROUND(C82*D82, 2) -> 0
A83: Total cost (Section B) | E83: =SUM(E62:E82) -> 0
A85: Justification • Describe the various components of the fringe rate (for example, FICA, Health insurance, short-term disability, etc.). • If the fringe rate is above 45%, then a breakdown of the cost of each component is required. For example: FICA (7.65%), Health insurance (30%), Retirement (8%) = 45.65%. The total percentage shown below must match the total percentage shown in the table. • If a position does not receive fringe benefits, leave the fringe rate at 0%. Add a note to indicate the position does not receive fringe benefits.
A88: C: Equipment (Only for an individual item of $10,000 or more)
A89: Instructions: • Enter data ONLY if you are purchasing an individual piece of equipment valued at $10,000 or more. • The individual item should have a useful life of more than one year and depreciation is generally tracked by the agency's accounting department. • If items collectively cost more than $10,000 but individually cost less (for example: six workstations at $2,000 apiece), then the items should be reported under Supplies.
B90: Description | C90: # of units | D90: Cost per unit | E90: Cost
A91: Item 1 | C91: 0 | D91: 0 | E91: =ROUND(C91*D91, 2) -> 0
A92: Item 2 | C92: 0 | D92: 0 | E92: =ROUND(C92*D92, 2) -> 0
A93: Item 3 | C93: 0 | D93: 0 | E93: =ROUND(C93*D93, 2) -> 0
A94: Total cost (Section C) | E94: =SUM(E91:E93) -> 0
A96: Justification • Describe how the costs support the program.
A99: D: Operating costs
A100: Instructions: • Operating expenses include items such as rent, maintenance, land telephone and cellular phone services, utilities, IT support, internet access, Zoom licenses, etc. • Operating costs can be determined either as direct costs or as an allocation of direct costs. • If operating costs are determined by an allocation of direct costs, then the same allocation method should be used to estimate operating costs for ALL programs supported by the agency.
B101: Description | C101: # of units | D101: Cost per unit | E101: Cost
A102: Item 1 | C102: 0 | D102: 0 | E102: =ROUND(C102*D102, 2) -> 0
A103: Item 2 | C103: 0 | D103: 0 | E103: =ROUND(C103*D103, 2) -> 0
A104: Item 3 | C104: 0 | D104: 0 | E104: =ROUND(C104*D104, 2) -> 0
A105: Item 4 | C105: 0 | D105: 0 | E105: =ROUND(C105*D105, 2) -> 0
A106: Item 5 | C106: 0 | D106: 0 | E106: =ROUND(C106*D106, 2) -> 0
A107: Total cost (Section D) | E107: =SUM(E102:E106) -> 0
A109: Justification • Describe how the # of units were estimated. • Describe how the cost per unit was estimated.
A112: E: Supplies
A113: Instructions: • Supplies may include items such as general office supplies (post-it notes, paper, pens, etc.), office furniture (file cabinets, chairs, etc.), laptops, printers, cell phones, etc. • Supplies may also include specific program supplies such as educational books/materials for clients, med boxes/lock boxes, etc.
...

Sheet Part 3
A1: ='Part 1'!A1 -> F-01601F (08/2026) | B1: Subcontractor 1 Budget Overview
A3: Contract title: | B3: =IF('Part 4'!B3="","",'Part 4'!B3) -> Opioid and Stimulant Unmet Needs
A4: Name of organization: | B4: =IF('Part 4'!B4="","",'Part 4'!B4)
A5: Contract period: | B5: =IF('Part 4'!B5="","",'Part 4'!B5)
A7: The information on this page will populate when completing Part 4
A9: Line item | B9: Category | C9: Dollar amount
A10: A | B10: Salaries | C10: ='Part 4'!F33 -> 0
A11: B | B11: Fringe benefits | C11: ='Part 4'!E81 -> 0
A12: C | B12: Equipment | C12: ='Part 4'!E92 -> 0
A13: D | B13: Operating costs | C13: ='Part 4'!E105 -> 0
A14: E | B14: Supplies | C14: ='Part 4'!E123 -> 0
A15: F | B15: In-state travel | C15: ='Part 4'!D144 -> 0
A16: G | B16: Out-of-state travel | C16: ='Part 4'!B160 -> 0
A17: H | B17: Consultant and subcontractor expenses | C17: ='Part 4'!E178 -> 0
A18: I | B18: Training | C18: ='Part 4'!D191 -> 0
A19: J | B19: Insurance | C19: ='Part 4'!D202 -> 0
A20: K | B20: Advertising and public information | C20: ='Part 4'!D216 -> 0
A21: L | B21: Consumer / family supports | C21: ='Part 4'!D229 -> 0
A22: M | B22: MOUD services | C22: ='Part 4'!D239 -> 0
A23: N | B23: Treatment services: un-or under-insured individuals | C23: ='Part 4'!D251 -> 0
A24: O | B24: Recovery support and overdose prevention | C24: ='Part 4'!D265 -> 0
A25: P | B25: Other | C25: ='Part 4'!D278 -> 0
A26: Q | B26: Subtotal of direct costs (Items A through P) | C26: =SUM(C10:C25) -> 0
A27: R | B27: Indirect costs | C27: ='Part 4'!C290 -> 0
A28: S | B28: Total costs | C28: =SUM(C26:C27) -> 0

Sheet Part 4
A1: ='Part 1'!A1 -> F-01601F (08/2026) | B1: Subcontractor 1 Budget Details
A3: Contract title: | B3: ='Part 2'!B3 -> Opioid and Stimulant Unmet Needs
A4: Name of agency: | B4: =IF('Part 2'!B177="","",'Part 2'!B177)
A5: Contract period: | B5: =IF('Part 2'!B5="","",'Part 2'!B5)
A7: A: Salaries
A8: Instructions: • Important: Do not include names of individuals filling the positions. • Total cost for each position should be calculated based on the length of the contract (for example: 12-month versus a shorter term contract). • Position titles must be consistent with the Work Plan.
B9: Hourly employees
B10: Position title | C10: Hourly pay rate | D10: Hours paid per week | E10: # of weeks paid in contract period | F10: Cost
A11: Item 1 | C11: 0 | D11: 0 | E11: 0 | F11: =ROUND(C11*D11*E11, 2) -> 0
A12: Item 2 | C12: 0 | D12: 0 | E12: 0 | F12: =ROUND(C12*D12*E12, 2) -> 0
A13: Item 3 | C13: 0 | D13: 0 | E13: 0 | F13: =ROUND(C13*D13*E13, 2) -> 0
A14: Item 4 | C14: 0 | D14: 0 | E14: 0 | F14: =ROUND(C14*D14*E14, 2) -> 0
A15: Item 5 | C15: 0 | D15: 0 | E15: 0 | F15: =ROUND(C15*D15*E15, 2) -> 0
A16: Item 6 | C16: 0 | D16: 0 | E16: 0 | F16: =ROUND(C16*D16*E16, 2) -> 0
A17: Item 7 | C17: 0 | D17: 0 | E17: 0 | F17: =ROUND(C17*D17*E17, 2) -> 0
A18: Item 8 | C18: 0 | D18: 0 | E18: 0 | F18: =ROUND(C18*D18*E18, 2) -> 0
A19: Item 9 | C19: 0 | D19: 0 | E19: 0 | F19: =ROUND(C19*D19*E19, 2) -> 0
A20: Item 10 | C20: 0 | D20: 0 | E20: 0 | F20: =ROUND(C20*D20*E20, 2) -> 0
B21: Salaried employees
B22: Position Title | C22: Monthly Pay Rate for 1 FTE | D22: % FTE | E22: # of Months Paid in Contract period | F22: Cost
A23: Item 11 | C23: 0 | D23: 0 | E23: 0 | F23: =ROUND(C23*D23*E23, 2) -> 0
A24: Item 12 | C24: 0 | D24: 0 | E24: 0 | F24: =ROUND(C24*D24*E24, 2) -> 0
A25: Item 13 | C25: 0 | D25: 0 | E25: 0 | F25: =ROUND(C25*D25*E25, 2) -> 0
A26: Item 14 | C26: 0 | D26: 0 | E26: 0 | F26: =ROUND(C26*D26*E26, 2) -> 0
A27: Item 15 | C27: 0 | D27: 0 | E27: 0 | F27: =ROUND(C27*D27*E27, 2) -> 0
A28: Item 16 | C28: 0 | D28: 0 | E28: 0 | F28: =ROUND(C28*D28*E28, 2) -> 0
A29: Item 17 | C29: 0 | D29: 0 | E29: 0 | F29: =ROUND(C29*D29*E29, 2) -> 0
A30: Item 18 | C30: 0 | D30: 0 | E30: 0 | F30: =ROUND(C30*D30*E30, 2) -> 0
A31: Item 19 | C31: 0 | D31: 0 | E31: 0 | F31: =ROUND(C31*D31*E31, 2) -> 0
A32: Item 20 | C32: 0 | D32: 0 | E32: 0 | F32: =ROUND(C32*D32*E32, 2) -> 0
A33: Total cost (Section A) | F33: =SUM(F11:F20,F23:F32) -> 0
A35: Justification Provide a brief (2-3 sentence) description of the job duties related to this grant for each position listed above.
A36: =IF(B11="","",B11)
A37: =IF(B12="","",B12)
A38: =IF(B13="","",B13)
A39: =IF(B14="","",B14)
A40: =IF(B15="","",B15)
A41: =IF(B16="","",B16)
A42: =IF(B17="","",B17)
A43: =IF(B18="","",B18)
A44: =IF(B19="","",B19)
A45: =IF(B20="","",B20)
A46: =IF(B23="","",B23)
A47: =IF(B24="","",B24)
A48: =IF(B25="","",B25)
A49: =IF(B26="","",B26)
A50: =IF(B27="","",B27)
A51: =IF(B28="","",B28)
A52: =IF(B29="","",B29)
A53: =IF(B30="","",B30)
A54: =IF(B31="","",B31)
A55: =IF(B32="","",B32)
A57: B: Fringe benefits
A58: Instructions: • Fringe benefit components may include items such as Federal Insurance Contributions Act (FICA) and Unemployment Insurance, Retirement, Life insurance, Workers Compensation and Health insurance.
B59: Position title | C59: Salary | D59: Fringe rate | E59: Cost
A60: Fringe Benefit Item 1 | B60: =IF(B11="","",B11) | C60: =F11 -> 0 | D60: 0 | E60: =ROUND(C60*D60, 2) -> 0
A61: Fringe Benefit Item 2 | B61: =IF(B12="","",B12) | C61: =F12 -> 0 | D61: 0 | E61: =ROUND(C61*D61, 2) -> 0
A62: Fringe Benefit Item 3 | B62: =IF(B13="","",B13) | C62: =F13 -> 0 | D62: 0 | E62: =ROUND(C62*D62, 2) -> 0
A63: Fringe Benefit Item 4 | B63: =IF(B14="","",B14) | C63: =F14 -> 0 | D63: 0 | E63: =ROUND(C63*D63, 2) -> 0
A64: Fringe Benefit Item 5 | B64: =IF(B15="","",B15) | C64: =F15 -> 0 | D64: 0 | E64: =ROUND(C64*D64, 2) -> 0
A65: Fringe Benefit Item 6 | B65: =IF(B16="","",B16) | C65: =F16 -> 0 | D65: 0 | E65: =ROUND(C65*D65, 2) -> 0
A66: Fringe Benefit Item 7 | B66: =IF(B17="","",B17) | C66: =F17 -> 0 | D66: 0 | E66: =ROUND(C66*D66, 2) -> 0
A67: Fringe Benefit Item 8 | B67: =IF(B18="","",B18) | C67: =F18 -> 0 | D67: 0 | E67: =ROUND(C67*D67, 2) -> 0
A68: Fringe Benefit Item 9 | B68: =IF(B19="","",B19) | C68: =F19 -> 0 | D68: 0 | E68: =ROUND(C68*D68, 2) -> 0
A69: Fringe Benefit Item 10 | B69: =IF(B20="","",B20) | C69: =F20 -> 0 | D69: 0 | E69: =ROUND(C69*D69, 2) -> 0
B70: Position title | C70: Salary | D70: Fringe rate | E70: Cost
A71: Fringe Benefit Item 11 | B71: =IF(B23="","",B23) | C71: =F23 -> 0 | D71: 0 | E71: =ROUND(C71*D71, 2) -> 0
A72: Fringe Benefit Item 12 | B72: =IF(B24="","",B24) | C72: =F24 -> 0 | D72: 0 | E72: =ROUND(C72*D72, 2) -> 0
A73: Fringe Benefit Item 13 | B73: =IF(B25="","",B25) | C73: =F25 -> 0 | D73: 0 | E73: =ROUND(C73*D73, 2) -> 0
A74: Fringe Benefit Item 14 | B74: =IF(B26="","",B26) | C74: =F26 -> 0 | D74: 0 | E74: =ROUND(C74*D74, 2) -> 0
A75: Fringe Benefit Item 15 | B75: =IF(B27="","",B27) | C75: =F27 -> 0 | D75: 0 | E75: =ROUND(C75*D75, 2) -> 0
A76: Fringe Benefit Item 16 | B76: =IF(B28="","",B28) | C76: =F28 -> 0 | D76: 0 | E76: =ROUND(C76*D76, 2) -> 0
A77: Fringe Benefit Item 17 | B77: =IF(B29="","",B29) | C77: =F29 -> 0 | D77: 0 | E77: =ROUND(C77*D77, 2) -> 0
A78: Fringe Benefit Item 18 | B78: =IF(B30="","",B30) | C78: =F30 -> 0 | D78: 0 | E78: =ROUND(C78*D78, 2) -> 0
A79: Fringe Benefit Item 19 | B79: =IF(B31="","",B31) | C79: =F31 -> 0 | D79: 0 | E79: =ROUND(C79*D79, 2) -> 0
A80: Fringe Benefit Item 20 | B80: =IF(B32="","",B32) | C80: =F32 -> 0 | D80: 0 | E80: =ROUND(C80*D80, 2) -> 0
A81: Total cost (Section B) | E81: =SUM(E60:E80) -> 0
A83: Justification • Describe the various components of the fringe rate (for example, FICA, Health insurance, short-term disability, etc.). • If the fringe rate is above 45%, then a breakdown of the cost of each component is required. For example: FICA (7.65%), Health insurance (30%), Retirement (8%) = 45.65%. The total percentage shown below must match the total percentage shown in the table. • If a position does not receive fringe benefits, leave the fringe rate at 0%. Add a note to indicate the position does not receive fringe benefits.
A86: C: Equipment(Only for an individual item of $10,000 or more)
A87: Instructions: • Enter data ONLY if you are purchasing an individual piece of equipment valued at $10,000 or more. • The individual item should have a useful life of more than one year and depreciation is generally tracked by the agency's accounting department. • If items collectively cost more than $10,000 but individually cost less (for example: six workstations at $2,000 apiece), then the items should be reported under Supplies.
B88: Description | C88: # of units | D88: Cost per unit | E88: Cost
A89: Item 1 | C89: 0 | D89: 0 | E89: =ROUND(C89*D89, 2) -> 0
A90: Item 2 | C90: 0 | D90: 0 | E90: =ROUND(C90*D90, 2) -> 0
A91: Item 3 | C91: 0 | D91: 0 | E91: =ROUND(C91*D91, 2) -> 0
A92: Total cost (Section C) | E92: =SUM(E89:E91) -> 0
A94: Justification • Describe how the costs support the program.
A97: D: Operating costs
A98: Instructions: • Operating expenses include items such as rent, maintenance, land telephone and cellular phone services, utilities, IT support, internet access, Zoom licenses, etc. • Operating costs can be determined either as direct costs or as an allocation of direct costs. • If operating costs are determined by an allocation of direct costs, then the same allocation method should be used to estimate operating costs for ALL programs supported by the agency.
B99: Description | C99: # of units | D99: Cost per unit | E99: Cost
A100: Item 1 | C100: 0 | D100: 0 | E100: =ROUND(C100*D100, 2) -> 0
A101: Item 2 | C101: 0 | D101: 0 | E101: =ROUND(C101*D101, 2) -> 0
A102: Item 3 | C102: 0 | D102: 0 | E102: =ROUND(C102*D102, 2) -> 0
A103: Item 4 | C103: 0 | D103: 0 | E103: =ROUND(C103*D103, 2) -> 0
A104: Item 5 | C104: 0 | D104: 0 | E104: =ROUND(C104*D104, 2) -> 0
A105: Total cost (Section D) | E105: =SUM(E100:E104) -> 0
A107: Justification • Describe how the # of units were estimated. • Describe how the cost per unit was estimated.
A110: E: Supplies
A111: Instructions: • Supplies may include items such as general office supplies (post-it notes, paper, pens, etc.), office furniture (file cabinets, chairs, etc.), laptops, printers, cell phones, etc. • Supplies may also include specific program supplies such as educational books/materials for clients, med boxes/lock boxes, etc.
B112: Description | C112: # of units | D112: Cost per unit | E112: Cost
A113: Item 1 | C113: 0 | D113: 0 | E113: =ROUND(C113*D113, 2) -> 0
...

Sheet Part 5
A1: ='Part 1'!A1 -> F-01601F (08/2026) | B1: Subcontractor 2 Budget Overview
A3: Contract title: | B3: =IF('Part 6'!B3="","",'Part 6'!B3) -> Opioid and Stimulant Unmet Needs
A4: Name of organization: | B4: =IF('Part 6'!B4="","",'Part 6'!B4)
A5: Contract period: | B5: =IF('Part 6'!B5="","",'Part 6'!B5)
A7: The information on this page will populate when completing Part 6
A9: Line item | B9: Category | C9: Dollar amount
A10: A | B10: Salaries | C10: ='Part 6'!F33 -> 0
A11: B | B11: Fringe benefits | C11: ='Part 6'!E81 -> 0
A12: C | B12: Equipment | C12: ='Part 6'!E92 -> 0
A13: D | B13: Operating costs | C13: ='Part 6'!E105 -> 0
A14: E | B14: Supplies | C14: ='Part 6'!E123 -> 0
A15: F | B15: In-state travel | C15: ='Part 6'!D144 -> 0
A16: G | B16: Out-of-state travel | C16: ='Part 6'!B160 -> 0
A17: H | B17: Consultant and subcontractor expenses | C17: ='Part 6'!E178 -> 0
A18: I | B18: Training | C18: ='Part 6'!D191 -> 0
A19: J | B19: Insurance | C19: ='Part 6'!D202 -> 0
A20: K | B20: Advertising and public information | C20: ='Part 6'!D216 -> 0
A21: L | B21: Consumer / family supports | C21: ='Part 6'!D229 -> 0
A22: M | B22: MOUD services | C22: ='Part 6'!D239 -> 0
A23: N | B23: Treatment services: un-or under-insured individuals | C23: ='Part 6'!D251 -> 0
A24: O | B24: Recovery support and overdose prevention | C24: ='Part 6'!D265 -> 0
A25: P | B25: Other | C25: ='Part 6'!D278 -> 0
A26: Q | B26: Subtotal of direct costs (Items A through P) | C26: =SUM(C10:C25) -> 0
A27: R | B27: Indirect costs | C27: ='Part 6'!C290 -> 0
A28: S | B28: Total costs | C28: =SUM(C26:C27) -> 0

Sheet Part 6
A1: ='Part 1'!A1 -> F-01601F (08/2026) | B1: Subcontractor 2 Budget Details
A3: Contract title: | B3: ='Part 2'!B3 -> Opioid and Stimulant Unmet Needs
A4: Name of agency: | B4: =IF('Part 2'!B178="","",'Part 2'!B178)
A5: Contract period: | B5: =IF('Part 2'!B5="","",'Part 2'!B5)
A7: A: Salaries
A8: Instructions: • Important: Do not include names of individuals filling the positions. • Total cost for each position should be calculated based on the length of the contract (for example: 12-month versus a shorter term contract). • Position titles must be consistent with the Work Plan.
B9: Hourly employees
B10: Position title | C10: Hourly pay rate | D10: Hours paid per week | E10: # of weeks paid in contract period | F10: Cost
A11: Item 1 | C11: 0 | D11: 0 | E11: 0 | F11: =ROUND(C11*D11*E11, 2) -> 0
A12: Item 2 | C12: 0 | D12: 0 | E12: 0 | F12: =ROUND(C12*D12*E12, 2) -> 0
A13: Item 3 | C13: 0 | D13: 0 | E13: 0 | F13: =ROUND(C13*D13*E13, 2) -> 0
A14: Item 4 | C14: 0 | D14: 0 | E14: 0 | F14: =ROUND(C14*D14*E14, 2) -> 0
A15: Item 5 | C15: 0 | D15: 0 | E15: 0 | F15: =ROUND(C15*D15*E15, 2) -> 0
A16: Item 6 | C16: 0 | D16: 0 | E16: 0 | F16: =ROUND(C16*D16*E16, 2) -> 0
A17: Item 7 | C17: 0 | D17: 0 | E17: 0 | F17: =ROUND(C17*D17*E17, 2) -> 0
A18: Item 8 | C18: 0 | D18: 0 | E18: 0 | F18: =ROUND(C18*D18*E18, 2) -> 0
A19: Item 9 | C19: 0 | D19: 0 | E19: 0 | F19: =ROUND(C19*D19*E19, 2) -> 0
A20: Item 10 | C20: 0 | D20: 0 | E20: 0 | F20: =ROUND(C20*D20*E20, 2) -> 0
B21: Salaried employees
B22: Position Title | C22: Monthly Pay Rate for 1 FTE | D22: % FTE | E22: # of Months Paid in Contract period | F22: Cost
A23: Item 11 | C23: 0 | D23: 0 | E23: 0 | F23: =ROUND(C23*D23*E23, 2) -> 0
A24: Item 12 | C24: 0 | D24: 0 | E24: 0 | F24: =ROUND(C24*D24*E24, 2) -> 0
A25: Item 13 | C25: 0 | D25: 0 | E25: 0 | F25: =ROUND(C25*D25*E25, 2) -> 0
A26: Item 14 | C26: 0 | D26: 0 | E26: 0 | F26: =ROUND(C26*D26*E26, 2) -> 0
A27: Item 15 | C27: 0 | D27: 0 | E27: 0 | F27: =ROUND(C27*D27*E27, 2) -> 0
A28: Item 16 | C28: 0 | D28: 0 | E28: 0 | F28: =ROUND(C28*D28*E28, 2) -> 0
A29: Item 17 | C29: 0 | D29: 0 | E29: 0 | F29: =ROUND(C29*D29*E29, 2) -> 0
A30: Item 18 | C30: 0 | D30: 0 | E30: 0 | F30: =ROUND(C30*D30*E30, 2) -> 0
A31: Item 19 | C31: 0 | D31: 0 | E31: 0 | F31: =ROUND(C31*D31*E31, 2) -> 0
A32: Item 20 | C32: 0 | D32: 0 | E32: 0 | F32: =ROUND(C32*D32*E32, 2) -> 0
A33: Total cost (Section A) | F33: =SUM(F11:F20,F23:F32) -> 0
A35: Justification Provide a brief (2-3 sentence) description of the job duties related to this grant for each position listed above.
A36: =IF(B11="","",B11)
A37: =IF(B12="","",B12)
A38: =IF(B13="","",B13)
A39: =IF(B14="","",B14)
A40: =IF(B15="","",B15)
A41: =IF(B16="","",B16)
A42: =IF(B17="","",B17)
A43: =IF(B18="","",B18)
A44: =IF(B19="","",B19)
A45: =IF(B20="","",B20)
A46: =IF(B23="","",B23)
A47: =IF(B24="","",B24)
A48: =IF(B25="","",B25)
A49: =IF(B26="","",B26)
A50: =IF(B27="","",B27)
A51: =IF(B28="","",B28)
A52: =IF(B29="","",B29)
A53: =IF(B30="","",B30)
A54: =IF(B31="","",B31)
A55: =IF(B32="","",B32)
A57: B: Fringe benefits
A58: Instructions: • Fringe benefit components may include items such as Federal Insurance Contributions Act (FICA) and Unemployment Insurance, Retirement, Life insurance, Workers Compensation and Health insurance.
B59: Position title | C59: Salary | D59: Fringe rate | E59: Cost
A60: Item 1 | B60: =IF(B11="","",B11) | C60: =F11 -> 0 | D60: 0 | E60: =ROUND(C60*D60, 2) -> 0
A61: Item 2 | B61: =IF(B12="","",B12) | C61: =F12 -> 0 | D61: 0 | E61: =ROUND(C61*D61, 2) -> 0
A62: Item 3 | B62: =IF(B13="","",B13) | C62: =F13 -> 0 | D62: 0 | E62: =ROUND(C62*D62, 2) -> 0
A63: Item 4 | B63: =IF(B14="","",B14) | C63: =F14 -> 0 | D63: 0 | E63: =ROUND(C63*D63, 2) -> 0
A64: Item 5 | B64: =IF(B15="","",B15) | C64: =F15 -> 0 | D64: 0 | E64: =ROUND(C64*D64, 2) -> 0
A65: Item 6 | B65: =IF(B16="","",B16) | C65: =F16 -> 0 | D65: 0 | E65: =ROUND(C65*D65, 2) -> 0
A66: Item 7 | B66: =IF(B17="","",B17) | C66: =F17 -> 0 | D66: 0 | E66: =ROUND(C66*D66, 2) -> 0
A67: Item 8 | B67: =IF(B18="","",B18) | C67: =F18 -> 0 | D67: 0 | E67: =ROUND(C67*D67, 2) -> 0
A68: Item 9 | B68: =IF(B19="","",B19) | C68: =F19 -> 0 | D68: 0 | E68: =ROUND(C68*D68, 2) -> 0
A69: Item 10 | B69: =IF(B20="","",B20) | C69: =F20 -> 0 | D69: 0 | E69: =ROUND(C69*D69, 2) -> 0
B70: Position title | C70: Salary | D70: Fringe rate | E70: Cost
A71: Item 11 | B71: =IF(B23="","",B23) | C71: =F23 -> 0 | D71: 0 | E71: =ROUND(C71*D71, 2) -> 0
A72: Item 12 | B72: =IF(B24="","",B24) | C72: =F24 -> 0 | D72: 0 | E72: =ROUND(C72*D72, 2) -> 0
A73: Item 13 | B73: =IF(B25="","",B25) | C73: =F25 -> 0 | D73: 0 | E73: =ROUND(C73*D73, 2) -> 0
A74: Item 14 | B74: =IF(B26="","",B26) | C74: =F26 -> 0 | D74: 0 | E74: =ROUND(C74*D74, 2) -> 0
A75: Item 15 | B75: =IF(B27="","",B27) | C75: =F27 -> 0 | D75: 0 | E75: =ROUND(C75*D75, 2) -> 0
A76: Item 16 | B76: =IF(B28="","",B28) | C76: =F28 -> 0 | D76: 0 | E76: =ROUND(C76*D76, 2) -> 0
A77: Item 17 | B77: =IF(B29="","",B29) | C77: =F29 -> 0 | D77: 0 | E77: =ROUND(C77*D77, 2) -> 0
A78: Item 18 | B78: =IF(B30="","",B30) | C78: =F30 -> 0 | D78: 0 | E78: =ROUND(C78*D78, 2) -> 0
A79: Item 19 | B79: =IF(B31="","",B31) | C79: =F31 -> 0 | D79: 0 | E79: =ROUND(C79*D79, 2) -> 0
A80: Item 20 | B80: =IF(B32="","",B32) | C80: =F32 -> 0 | D80: 0 | E80: =ROUND(C80*D80, 2) -> 0
A81: Total cost (Section B) | E81: =SUM(E60:E80) -> 0
A83: Justification • Describe the various components of the fringe rate (for example, FICA, Health insurance, short-term disability, etc.). • If the fringe rate is above 45%, then a breakdown of the cost of each component is required. For example: FICA (7.65%), Health insurance (30%), Retirement (8%) = 45.65%. The total percentage shown below must match the total percentage shown in the table. • If a position does not receive fringe benefits, leave the fringe rate at 0%. Add a note to indicate the position does not receive fringe benefits.
A86: C: Equipment (Only for an individual item of $10,000 or more)
A87: Instructions: • Enter data ONLY if you are purchasing an individual piece of equipment valued at $10,000 or more. • The individual item should have a useful life of more than one year and depreciation is generally tracked by the agency's accounting department. • If items collectively cost more than $10,000 but individually cost less (for example: six workstations at $2,000 apiece), then the items should be reported under Supplies.
B88: Description | C88: # of units | D88: Cost per unit | E88: Cost
A89: Item 1 | C89: 0 | D89: 0 | E89: =ROUND(C89*D89, 2) -> 0
A90: Item 2 | C90: 0 | D90: 0 | E90: =ROUND(C90*D90, 2) -> 0
A91: Item 3 | C91: 0 | D91: 0 | E91: =ROUND(C91*D91, 2) -> 0
A92: Total cost (Section C) | E92: =SUM(E89:E91) -> 0
A94: Justification • Describe how the costs support the program.
A97: D: Operating costs
A98: Instructions: • Operating expenses include items such as rent, maintenance, land telephone and cellular phone services, utilities, IT support, internet access, Zoom licenses, etc. • Operating costs can be determined either as direct costs or as an allocation of direct costs. • If operating costs are determined by an allocation of direct costs, then the same allocation method should be used to estimate operating costs for ALL programs supported by the agency.
B99: Description | C99: # of units | D99: Cost per unit | E99: Cost
A100: Item 1 | C100: 0 | D100: 0 | E100: =ROUND(C100*D100, 2) -> 0
A101: Item 2 | C101: 0 | D101: 0 | E101: =ROUND(C101*D101, 2) -> 0
A102: Item 3 | C102: 0 | D102: 0 | E102: =ROUND(C102*D102, 2) -> 0
A103: Item 4 | C103: 0 | D103: 0 | E103: =ROUND(C103*D103, 2) -> 0
A104: Item 5 | C104: 0 | D104: 0 | E104: 0
A105: Total cost (Section D) | E105: =SUM(E100:E104) -> 0
A107: Justification • Describe how the # of units were estimated. • Describe how the cost per unit was estimated.
A110: E: Supplies
A111: Instructions: • Supplies may include items such as general office supplies (post-it notes, paper, pens, etc.), office furniture (file cabinets, chairs, etc.), laptops, printers, cell phones, etc. • Supplies may also include specific program supplies such as educational books/materials for clients, med boxes/lock boxes, etc.
B112: Description | C112: # of units | D112: Cost per unit | E112: Cost
A113: Item 1 | C113: 0 | D113: 0 | E113: =ROUND(C113*D113, 2) -> 0
...

Sheet Part 7
A1: ='Part 1'!A1 -> F-01601F (08/2026) | B1: Subcontractor 3 Budget Overview
A3: Contract title: | B3: =IF('Part 8'!B3="","",'Part 8'!B3) -> Opioid and Stimulant Unmet Needs
A4: Name of organization: | B4: =IF('Part 8'!B4="","",'Part 8'!B4)
A5: Contract period: | B5: =IF('Part 8'!B5="","",'Part 8'!B5)
A7: The information on this page will populate when completing Part 8
A9: Line item | B9: Category | C9: Dollar amount
A10: A | B10: Salaries | C10: ='Part 8'!F33 -> 0
A11: B | B11: Fringe benefits | C11: ='Part 8'!E81 -> 0
A12: C | B12: Equipment | C12: ='Part 8'!E92 -> 0
A13: D | B13: Operating costs | C13: ='Part 8'!E105 -> 0
A14: E | B14: Supplies | C14: ='Part 8'!E123 -> 0
A15: F | B15: In-state travel | C15: ='Part 8'!D144 -> 0
A16: G | B16: Out-of-state travel | C16: ='Part 8'!B160 -> 0
A17: H | B17: Consultant and subcontractor expenses | C17: ='Part 8'!E178 -> 0
A18: I | B18: Training | C18: ='Part 8'!D191 -> 0
A19: J | B19: Insurance | C19: ='Part 8'!D202 -> 0
A20: K | B20: Advertising and public information | C20: ='Part 8'!D216 -> 0
A21: L | B21: Consumer / family supports | C21: ='Part 8'!D229 -> 0
A22: M | B22: MOUD services | C22: ='Part 8'!D239 -> 0
A23: N | B23: Treatment services: un-or under-insured individuals | C23: ='Part 8'!D251 -> 0
A24: O | B24: Recovery support and overdose prevention | C24: ='Part 8'!D265 -> 0
A25: P | B25: Other | C25: ='Part 8'!D278 -> 0
A26: Q | B26: Subtotal of direct costs (Items A through P) | C26: =SUM(C10:C25) -> 0
A27: R | B27: Indirect costs | C27: ='Part 8'!C290 -> 0
A28: S | B28: Total costs | C28: =SUM(C26:C27) -> 0

Sheet Part 8
A1: ='Part 1'!A1 -> F-01601F (08/2026) | B1: Subcontractor 3 Budget Details
A3: Contract title: | B3: ='Part 2'!B3 -> Opioid and Stimulant Unmet Needs
A4: Name of agency: | B4: =IF('Part 2'!B179="","",'Part 2'!B179)
A5: Contract period: | B5: =IF('Part 2'!B5="","",'Part 2'!B5)
A7: A: Salaries
A8: Instructions: • Important: Do not include names of individuals filling the positions. • Total cost for each position should be calculated based on the length of the contract (for example: 12-month versus a shorter term contract). • Position titles must be consistent with the Work Plan.
B9: Hourly employees
B10: Position title | C10: Hourly pay rate | D10: Hours paid per week | E10: # of weeks paid in contract period | F10: Cost
A11: Item 1 | C11: 0 | D11: 0 | E11: 0 | F11: =ROUND(C11*D11*E11, 2) -> 0
A12: Item 2 | C12: 0 | D12: 0 | E12: 0 | F12: =ROUND(C12*D12*E12, 2) -> 0
A13: Item 3 | C13: 0 | D13: 0 | E13: 0 | F13: =ROUND(C13*D13*E13, 2) -> 0
A14: Item 4 | C14: 0 | D14: 0 | E14: 0 | F14: =ROUND(C14*D14*E14, 2) -> 0
A15: Item 5 | C15: 0 | D15: 0 | E15: 0 | F15: =ROUND(C15*D15*E15, 2) -> 0
A16: Item 6 | C16: 0 | D16: 0 | E16: 0 | F16: =ROUND(C16*D16*E16, 2) -> 0
A17: Item 7 | C17: 0 | D17: 0 | E17: 0 | F17: =ROUND(C17*D17*E17, 2) -> 0
A18: Item 8 | C18: 0 | D18: 0 | E18: 0 | F18: =ROUND(C18*D18*E18, 2) -> 0
A19: Item 9 | C19: 0 | D19: 0 | E19: 0 | F19: =ROUND(C19*D19*E19, 2) -> 0
A20: Item 10 | C20: 0 | D20: 0 | E20: 0 | F20: =ROUND(C20*D20*E20, 2) -> 0
B21: Salaried employees
B22: Position Title | C22: Monthly Pay Rate for 1 FTE | D22: % FTE | E22: # of Months Paid in Contract period | F22: Cost
A23: Item 11 | C23: 0 | D23: 0 | E23: 0 | F23: =ROUND(C23*D23*E23, 2) -> 0
A24: Item 12 | C24: 0 | D24: 0 | E24: 0 | F24: =ROUND(C24*D24*E24, 2) -> 0
A25: Item 13 | C25: 0 | D25: 0 | E25: 0 | F25: =ROUND(C25*D25*E25, 2) -> 0
A26: Item 14 | C26: 0 | D26: 0 | E26: 0 | F26: =ROUND(C26*D26*E26, 2) -> 0
A27: Item 15 | C27: 0 | D27: 0 | E27: 0 | F27: =ROUND(C27*D27*E27, 2) -> 0
A28: Item 16 | C28: 0 | D28: 0 | E28: 0 | F28: =ROUND(C28*D28*E28, 2) -> 0
A29: Item 17 | C29: 0 | D29: 0 | E29: 0 | F29: =ROUND(C29*D29*E29, 2) -> 0
A30: Item 18 | C30: 0 | D30: 0 | E30: 0 | F30: =ROUND(C30*D30*E30, 2) -> 0
A31: Item 19 | C31: 0 | D31: 0 | E31: 0 | F31: =ROUND(C31*D31*E31, 2) -> 0
A32: Item 20 | C32: 0 | D32: 0 | E32: 0 | F32: =ROUND(C32*D32*E32, 2) -> 0
A33: Total cost (Section A) | F33: =SUM(F11:F20,F23:F32) -> 0
A35: Justification Provide a brief (2-3 sentence) description of the job duties related to this grant for each position listed above.
A36: =IF(B11="","",B11)
A37: =IF(B12="","",B12)
A38: =IF(B13="","",B13)
A39: =IF(B14="","",B14)
A40: =IF(B15="","",B15)
A41: =IF(B16="","",B16)
A42: =IF(B17="","",B17)
A43: =IF(B18="","",B18)
A44: =IF(B19="","",B19)
A45: =IF(B20="","",B20)
A46: =IF(B23="","",B23)
A47: =IF(B24="","",B24)
A48: =IF(B25="","",B25)
A49: =IF(B26="","",B26)
A50: =IF(B27="","",B27)
A51: =IF(B28="","",B28)
A52: =IF(B29="","",B29)
A53: =IF(B30="","",B30)
A54: =IF(B31="","",B31)
A55: =IF(B32="","",B32)
A57: B: Fringe benefits
A58: Instructions: • Fringe benefit components may include items such as Federal Insurance Contributions Act (FICA) and Unemployment Insurance, Retirement, Life insurance, Workers Compensation and Health insurance.
B59: Position title | C59: Salary | D59: Fringe rate | E59: Cost
A60: Item 1 | B60: =IF(B11="","",B11) | C60: =F11 -> 0 | D60: 0 | E60: =ROUND(C60*D60, 2) -> 0
A61: Item 2 | B61: =IF(B12="","",B12) | C61: =F12 -> 0 | D61: 0 | E61: =ROUND(C61*D61, 2) -> 0
A62: Item 3 | B62: =IF(B13="","",B13) | C62: =F13 -> 0 | D62: 0 | E62: =ROUND(C62*D62, 2) -> 0
A63: Item 4 | B63: =IF(B14="","",B14) | C63: =F14 -> 0 | D63: 0 | E63: =ROUND(C63*D63, 2) -> 0
A64: Item 5 | B64: =IF(B15="","",B15) | C64: =F15 -> 0 | D64: 0 | E64: =ROUND(C64*D64, 2) -> 0
A65: Item 6 | B65: =IF(B16="","",B16) | C65: =F16 -> 0 | D65: 0 | E65: =ROUND(C65*D65, 2) -> 0
A66: Item 7 | B66: =IF(B17="","",B17) | C66: =F17 -> 0 | D66: 0 | E66: =ROUND(C66*D66, 2) -> 0
A67: Item 8 | B67: =IF(B18="","",B18) | C67: =F18 -> 0 | D67: 0 | E67: =ROUND(C67*D67, 2) -> 0
A68: Item 9 | B68: =IF(B19="","",B19) | C68: =F19 -> 0 | D68: 0 | E68: =ROUND(C68*D68, 2) -> 0
A69: Item 10 | B69: =IF(B20="","",B20) | C69: =F20 -> 0 | D69: 0 | E69: =ROUND(C69*D69, 2) -> 0
B70: Position title | C70: Salary | D70: Fringe rate | E70: Cost
A71: Item 11 | B71: =IF(B23="","",B23) | C71: =F23 -> 0 | D71: 0 | E71: =ROUND(C71*D71, 2) -> 0
A72: Item 12 | B72: =IF(B24="","",B24) | C72: =F24 -> 0 | D72: 0 | E72: =ROUND(C72*D72, 2) -> 0
A73: Item 13 | B73: =IF(B25="","",B25) | C73: =F25 -> 0 | D73: 0 | E73: =ROUND(C73*D73, 2) -> 0
A74: Item 14 | B74: =IF(B26="","",B26) | C74: =F26 -> 0 | D74: 0 | E74: =ROUND(C74*D74, 2) -> 0
A75: Item 15 | B75: =IF(B27="","",B27) | C75: =F27 -> 0 | D75: 0 | E75: =ROUND(C75*D75, 2) -> 0
A76: Item 16 | B76: =IF(B28="","",B28) | C76: =F28 -> 0 | D76: 0 | E76: =ROUND(C76*D76, 2) -> 0
A77: Item 17 | B77: =IF(B29="","",B29) | C77: =F29 -> 0 | D77: 0 | E77: =ROUND(C77*D77, 2) -> 0
A78: Item 18 | B78: =IF(B30="","",B30) | C78: =F30 -> 0 | D78: 0 | E78: =ROUND(C78*D78, 2) -> 0
A79: Item 19 | B79: =IF(B31="","",B31) | C79: =F31 -> 0 | D79: 0 | E79: =ROUND(C79*D79, 2) -> 0
A80: Item 20 | B80: =IF(B32="","",B32) | C80: =F32 -> 0 | D80: 0 | E80: =ROUND(C80*D80, 2) -> 0
A81: Total cost (Section B) | E81: =SUM(E60:E80) -> 0
A83: Justification • Describe the various components of the fringe rate (for example, FICA, Health insurance, short-term disability, etc.). • If the fringe rate is above 45%, then a breakdown of the cost of each component is required. For example: FICA (7.65%), Health insurance (30%), Retirement (8%) = 45.65%. The total percentage shown below must match the total percentage shown in the table. • If a position does not receive fringe benefits, leave the fringe rate at 0%. Add a note to indicate the position does not receive fringe benefits.
A86: C: Equipment(Only for an individual item of $10,000 or more)
A87: Instructions: • Enter data ONLY if you are purchasing an individual piece of equipment valued at $10,000 or more. • The individual item should have a useful life of more than one year and depreciation is generally tracked by the agency's accounting department. • If items collectively cost more than $10,000 but individually cost less (for example: six workstations at $2,000 apiece), then the items should be reported under Supplies.
B88: Description | C88: # of units | D88: Cost per unit | E88: Cost
A89: Item 1 | C89: 0 | D89: 0 | E89: =ROUND(C89*D89, 2) -> 0
A90: Item 2 | C90: 0 | D90: 0 | E90: =ROUND(C90*D90, 2) -> 0
A91: Item 3 | C91: 0 | D91: 0 | E91: =ROUND(C91*D91, 2) -> 0
A92: Total cost (Section C) | E92: =SUM(E89:E91) -> 0
A94: Justification • Describe how the costs support the program.
A97: D: Operating costs
A98: Instructions: • Operating expenses include items such as rent, maintenance, land telephone and cellular phone services, utilities, IT support, internet access, Zoom licenses, etc. • Operating costs can be determined either as direct costs or as an allocation of direct costs. • If operating costs are determined by an allocation of direct costs, then the same allocation method should be used to estimate operating costs for ALL programs supported by the agency.
B99: Description | C99: # of units | D99: Cost per unit | E99: Cost
A100: Item 1 | C100: 0 | D100: 0 | E100: =ROUND(C100*D100, 2) -> 0
A101: Item 2 | C101: 0 | D101: 0 | E101: =ROUND(C101*D101, 2) -> 0
A102: Item 3 | C102: 0 | D102: 0 | E102: =ROUND(C102*D102, 2) -> 0
A103: Item 4 | C103: 0 | D103: 0 | E103: =ROUND(C103*D103, 2) -> 0
A104: Item 5 | C104: 0 | D104: 0 | E104: 0
A105: Total cost (Section D) | E105: =SUM(E100:E104) -> 0
A107: Justification • Describe how the # of units were estimated. • Describe how the cost per unit was estimated.
A110: E: Supplies
A111: Instructions: • Supplies may include items such as general office supplies (post-it notes, paper, pens, etc.), office furniture (file cabinets, chairs, etc.), laptops, printers, cell phones, etc. • Supplies may also include specific program supplies such as educational books/materials for clients, med boxes/lock boxes, etc.
B112: Description | C112: # of units | D112: Cost per unit | E112: Cost
A113: Item 1 | C113: 0 | D113: 0 | E113: =ROUND(C113*D113, 2) -> 0
...
